 Dungeon Crawl Stone Soup version 0.19-a0-1207-g69d5fc3 (webtiles) character file.

1302 PurpleRed the Destroyer (level 8, 0/40 (41) HPs)
             Began as a Deep Elf Conjurer on Aug 21, 2016.
             Was an Initiate of Vehumet.
             Slain by a killer bee (5 damage)
             ... on level 8 of the Dungeon.
             The game lasted 00:15:35 (1721 turns).

PurpleRed the Destroyer (Deep Elf Conjurer)         Turns: 1721, Time: 00:15:35

HP:   0/40 (41)     AC:  8    Str:  5    XL:     8   Next: 31%
MP:   7/22          EV: 13    Int: 23    God:    Vehumet [......]
Gold: 250           SH:  0    Dex: 15    Spells: 4 memorised, 12 levels left

rFire  . . .     SeeInvis .     i - +3 quarterstaff (chaos)
rCold  . . .     Gourm    .     a - +0 robe
rNeg   . . .     Faith    .     (shield currently unavailable)
rPois  .         Spirit   .     (no helmet)
rElec  .         Dismiss  .     p - +2 cloak {MR+}
rCorr  .         Reflect  .     (no gloves)
MR     +....     Harm     .     g - +2 pair of boots {run}
Stlth  ++........               (no amulet)
                                (no ring)
                                (no ring)

@: lethally poisoned (0 -> -24), flying, very slightly contaminated, quick
A: no striking features
a: Renounce Religion


You were on level 8 of the Dungeon.
You worshipped Vehumet.
Vehumet was noncommittal.
You were not hungry.

You visited 2 branches of the dungeon, and saw 10 of its levels.

You collected 250 gold pieces.

Inventory:

Hand Weapons
 e - a +0 short sword
 i - a +3 quarterstaff of chaos (weapon)
Missiles
 d - 11 sling bullets
 o - 5 curare-tipped needles
Armour
 a - a +0 robe (worn)
 f - a mottled dragon hide
 g - a +2 pair of boots of running (worn)
 p - a +2 cloak of magic resistance (worn)
Wands
 q - a wand of confusion (18/48)
 x - a wand of disintegration (17/24)
Scrolls
 y - a scroll of teleportation
Potions
 h - a potion of might
 l - a potion of ambrosia {unknown}
 m - a potion of curing {unknown}
 n - a potion of mutation {unknown}
 r - 3 potions of flight
 s - a potion of heal wounds {unknown}
 u - a potion of agility {unknown}
Books
 b - a book of Conjurations

   Spells                             Type                      Level
   a - Magic Dart                     Conjuration                  1
   b - Searing Ray                    Conjuration                  2
   c - Dazzling Spray                 Conjuration/Hexes            3
   d - Fulminant Prism                Conjuration/Hexes            4
   e - Iskenderun's Mystic Blast      Conjuration                  4
   f - Iskenderun's Battlesphere      Conjuration/Charms           5
Comestibles
 c - 3 bread rations
 j - a meat ration
 k - 2 beef jerkies
 t - a royal jelly
 v - 8 slices of pizza


   Skills:
 - Level 2.4 Dodging
 - Level 2.4 Stealth
 + Level 8.6 Spellcasting
 * Level 9.0 Conjurations
 + Level 5.0 Charms


You had 12 spell levels left.
You knew the following spells:

 Your Spells              Type           Power        Failure   Level  Hunger
a - Magic Dart            Conj           ####         1%          1    None
b - Searing Ray           Conj           ######       1%          2    None
c - Iskenderun's Mystic   Conj           ######..     1%          4    ##.....
d - Iskenderun's Battles  Conj/Chrm      #####...     12%         5    #####..


Dungeon Overview and Level Annotations

Branches:
Dungeon (9/15)             Temple (1/1) D:6
   Lair: D:8-11         Orc: D:9-12

Altars:
Ashenzari
Cheibriados
Dithmenos
Elyvilon
Gozag
Hepliaklqana
Kikubaaqudgha
Makhleb
Nemelex Xobeh
Okawaru
Trog
Uskayaw
Vehumet
Xom
Yredelemnul
The Shining One

Shops:
D:6 }

Annotations:
D:4 Edmund


Message History

The killer bee stings you.
* * * LOW HITPOINT WARNING * * *
You are lethally poisoned!
The killer bee poisons you!
The killer bee stings you but does no damage.
The killer bee closely misses you.
The killer bee stings you but does no damage.
It was a potion of flight.
You feel very buoyant.
You fly up into the air.
* * * LOW HITPOINT WARNING * * *
You feel sick.
The killer bee stings you but does no damage. x2
The killer bee stings you.
* * * LOW HITPOINT WARNING * * *
You are more poisoned.
The killer bee poisons you! The killer bee closely misses you.
The killer bee stings you but does no damage.
The killer bee stings you.
You die...

#P..P..P..P# #..
#P..P..P..P#######..
P..P..P..P#........
...... #........
+#####''#####........
#........^...........
#....................
#.####y##############..
#....y@y.........# #..
#................# #..
#....#................#
#..
+..<.#................#
#..
....######...###...###
#.. #....# ##...###...#
##. #....# #..........#
#[ #....# #..........#
#. #....# #..........#
#.


You could see 3 killer bees.

Vanquished Creatures
  Prince Ribbit (D:8)
  A spriggan (D:8)
  A hippogriff (D:8)
  A sky beast (D:6)
  A necrophage (D:8)
  Blork the orc (D:4)
  A giant frog (D:6)
  A water moccasin zombie (D:6)
  4 killer bees
  A crimson imp (D:8)
  2 hounds
  Crazy Yiuf (D:4)
  Jessica (D:2)
  2 worker ants
  An iguana (D:6)
  3 adders
  An adder skeleton (D:6)
  A worm (D:4)
  A giant gecko (D:3)
  An orc (D:8)
  2 ball pythons (D:2)
  A bat (D:2)
  2 giant cockroaches (D:2)
  2 goblins (D:1)
  4 hobgoblins
  10 jackals
  4 kobolds
  2 quokkas
  A giant gecko skeleton (D:4)
  2 giant newts
  2 rats (D:2)
59 creatures vanquished.

Notes
Turn   | Place    | Note
-------+----------+-------------------------------------------
     0 | D:1      | PurpleRed the Deep Elf Conjurer began the quest for the Orb.
     0 | D:1      | Reached XP level 1. HP: 10/10 MP: 6/6
   145 | D:1      | Reached XP level 2. HP: 6/15 MP: 2/8
   168 | D:1      | Identified a +2 pair of boots of running (You found it on level 1 of the Dungeon)
   191 | D:2      | Noticed Jessica
   197 | D:1      | Learned a level 2 spell: Searing Ray
   311 | D:2      | Killed Jessica
   311 | D:2      | Reached skill level 5 in Conjurations
   311 | D:2      | Reached XP level 3. HP: 15/19 MP: 5/10
   511 | D:2      | Reached XP level 4. HP: 21/24 MP: 8/12
   650 | D:4      | Found a runed door.
   654 | D:4      | Noticed Crazy Yiuf
   660 | D:4      | Killed Crazy Yiuf
   660 | D:4      | Reached skill level 5 in Spellcasting
   739 | D:3      | Found a snail-covered altar of Cheibriados.
   739 | D:3      | Found an opulent altar of Gozag.
   764 | D:4      | Noticed Blork the orc
   770 | D:4      | Killed Blork the orc
   770 | D:4      | Reached skill level 6 in Conjurations
   770 | D:4      | Reached XP level 5. HP: 23/28 MP: 9/15
   782 | D:4      | Noticed Edmund
   847 | D:5      | Entered Level 5 of the Dungeon
   852 | D:5      | You fall through a shaft for 3 floors!
   874 | D:8      | Noticed a necrophage
   874 | D:8      | Noticed a hippogriff
   914 | D:8      | Killed a hippogriff
   914 | D:8      | Reached XP level 6. HP: 29/32 MP: 7/17
   962 | D:8      | Learned a level 4 spell: Iskenderun's Mystic Blast
   968 | D:8      | Learned a level 5 spell: Iskenderun's Battlesphere
  1077 | D:8      | Noticed a spriggan
  1085 | D:8      | Killed a spriggan
  1085 | D:8      | Reached skill level 7 in Conjurations
  1085 | D:8      | Reached skill level 1 in Charms
  1085 | D:8      | Reached XP level 7. HP: 35/35 MP: 11/19
  1130 | D:8      | Noticed Prince Ribbit
  1137 | D:8      | Killed Prince Ribbit
  1155 | D:9      | Noticed a troll
  1193 | D:7      | Reached skill level 8 in Conjurations
  1316 | D:6      | Found a staircase to the Ecumenical Temple.
  1326 | Temple   | Entered the Ecumenical Temple
  1330 | Temple   | Became a worshipper of Vehumet
  1397 | D:6      | Found Zuukk's Quality Used Wands.
  1571 | D:6      | Reached XP level 8. HP: 40/40 MP: 17/22
  1619 | D:7      | Found a white marble altar of Elyvilon.
  1719 | D:8      | Reached skill level 9 in Conjurations
  1719 | D:8      | Reached skill level 5 in Charms
  1721 | D:8      | Slain by a killer bee

Vault maps used:
D:1:      minmay_arrival_wavy_path, minmay_door_square
D:2:      first_bread, minmay_rats_cheesy_pizza, uniq_jessica
D:3:      nicolae_overflow_hidden_temple
D:4:      minmay_guarded_unrand_vampires_tooth, uniq_blork_the_orc, uniq_edmund,
          uniq_crazy_yiuf_cottage
D:5:      kennysheep_steamy
D:6:      nicolae_ru_the_path_less_chosen, nicolae_for_you_no_charge
D:7:      basic_altar
D:8:      grunt_pizzeria, nicolae_looking_at_the_future, uniq_prince_ribbit1
D:9:      grunt_temple_overflow_open, lair_0_dummy, worms_lemuel, uniq_grum
Temple:   nicolae_temple_x_marks_the_god

Skill      XL: |  1  2  3  4  5  6  7  8 |
---------------+-------------------------+-----
Spellcasting   | 4 5 6 7 8 |  8.6
Conjurations   | 5 6 7 8 9 |  9.0
Charms         | 1 4 5 |  5.0
Dodging        | |  2.4
Stealth        | |  2.4

Action                   |  1- 3 |  4- 6 |  7- 9 || total
-------------------------+-------+-------+-------++-------
Melee: Short sword       |    43 |     7 |       ||    50
       Quarterstaff      |       |     3 |    26 ||    29
Throw: Throwing net      |       |     1 |       ||     1
 Cast: Magic Dart        |    31 |    14 |     9 ||    54
       Searing Ray       |     2 |    10 |    10 ||    22
       Iskenderun's Myst |       |     1 |       ||     1
       Iskenderun's Batt |       |       |     2 ||     2
  Use: Scroll            |       |     4 |     1 ||     5
       Potion            |       |       |     1 ||     1
 Stab: Sleeping          |     1 |     1 |     1 ||     3
       Paralysed         |       |       |     5 ||     5
       Petrified         |       |       |     3 ||     3
  Eat: Chunk             |       |       |     3 ||     3
Armor: Robe              |    19 |     7 |    21 ||    47
Dodge: Dodged            |    41 |    13 |    42 ||    96
